 Dungeon Crawl Stone Soup version 0.23.0 (webtiles) character file.

Game seed: 3091692258291236471

14 MisterOstroum the Skirmisher (level 2, -1/24 HPs)
             Began as a Demonspawn Abyssal Knight on Feb 15, 2019.
             Was a Follower of Lugonu.
             Slain by a gnoll
             ... wielding a +0 spear
              (2 damage)
             ... on level 2 of the Dungeon.
             The game lasted 00:07:47 (880 turns).

MisterOstroum the Skirmisher (DsAK)                  Turns: 880, Time: 00:07:48

Health: -1/24      AC:  3    Str: 12    XL:     2   Next: 27%
Magic:  4/4        EV:  6    Int: 13    God:    Lugonu [*.....]
Gold:   22         SH:  0    Dex: 12    Spells: 1/1 levels left

rFire    . . .     SeeInvis .   a - +1 falchion
rCold    . . .     Gourm    .   (no shield)
rNeg     . . .     Faith    .   b - +0 leather armour
rPois    .         Spirit   .   (no helmet)
rElec    .         Reflect  .   (no cloak)
rCorr    .         Harm     .   (no gloves)
MR       .....                  (no boots)
Stlth    +.........             (no amulet)
HPRegen  0.08/turn              (no ring)
MPRegen  0.09/turn              (no ring)

@: held
A: powered by death 1
a: Depart the Abyss, Renounce Religion


You were on level 2 of the Dungeon.
You worshipped Lugonu.
Lugonu was aware of your devotion.
You were not hungry.

You visited 1 branch of the dungeon, and saw 2 of its levels.
You visited the Abyss 1 time.

You collected 22 gold pieces.

Inventory:

Hand Weapons
 a - a +1 falchion (weapon)
 j - a +2 hand axe of chopping
 k - a -1 long sword
Armour
 b - a +0 leather armour (worn)
 i - a +0 ring mail
Scrolls
 g - a scroll of noise {unknown}
Potions
 d - a potion of degeneration {unknown}
 e - 3 potions of curing {unknown}
 f - 2 potions of cancellation {unknown}
 h - a potion of lignification {unknown}
Comestibles
 c - 3 rations


   Skills:
 * Level 3.2 Fighting
 * Level 2.0 Long Blades
 + Level 1.8 Armour
 * Level 1.1 Dodging
 + Level 2.8 Invocations


You had one spell level left.
You didn't know any spells.
Your spell library was empty.

Dungeon Overview and Level Annotations

Branches:
Dungeon (2/15)

Altars:


Innate Abilities, Weirdness & Mutations

You regenerate a little health from kills.


Message History

A gnoll comes into view.
The gnoll hits you with a +0 spear.
You hit the gnoll.
The gnoll is moderately wounded.
The gnoll hits you with a +0 spear.
A kobold comes into view. It is wielding a +0 dagger.
You barely miss the gnoll.
The gnoll is moderately wounded.
You hit the gnoll but do no damage. The gnoll hits you with a +0 spear.
The gnoll hits you but does no damage. The gnoll hits you with a +0 spear.
* * * LOW HITPOINT WARNING * * *
You hit the gnoll but do no damage. The gnoll barely misses you.
You riposte.
You barely miss the gnoll. The gnoll hits you with a +0 spear.
* * * LOW HITPOINT WARNING * * *
The gnoll throws a throwing net.
The throwing net hits you.
You become entangled in the net!
The gnoll hits you with a +0 spear.
* * * LOW HITPOINT WARNING * * *
You see here a throwing net.
You struggle against the net.
The gnoll hits you with a +0 spear.
You die...

#.#####...######
................#
.......(........#
#...............#
.######...####.##
#...# # ####...#
###.###g.†...#
....gK.g@?...#
####g####....# ..
#..?## . #.###
#.. ... #... ...


You could see 4 gnolls and a kobold.

Vanquished Creatures
  A dart slug (D:1)
  2 hobgoblins
  A frilled lizard (D:1)
  2 goblins (D:1)
  2 kobolds
  5 rats
13 creatures vanquished.

Notes
Turn   | Place    | Note
-------+----------+-------------------------------------------
     0 | Abyss:1  | MisterOstroum the Demonspawn Abyssal Knight began the quest
                  | for the Orb.
     0 | Abyss:1  | Reached XP level 1. HP: 18/18 MP: 2/2
    12 | D:1      | Escaped the Abyss
    84 | D:1      | Reached skill level 1 in Dodging
   252 | D:1      | Reached * piety under Lugonu
   530 | D:1      | Gained mutation: You regenerate a little health from kills.
                  | [demonic ancestry]
   530 | D:1      | Reached XP level 2. HP: 24/24 MP: 4/4
   879 | D:2      | HP: 1/24 [gnoll/+0 spear (2)]
   880 | D:2      | Slain by a gnoll

Skill      XL: |  1  2 |
---------------+-------+-----
Dodging        | 1 |  1.1
Long Blades    | 2 |  2.0
Fighting       | |  3.2
Armour         | |  1.8
Invocations    | |  2.8

Action                   || total
-------------------------++-------
Melee: Falchion          ||    27
       Hand axe          ||     6
Invok: Depart the Abyss  ||     1
  Use: Scroll            ||     2
Armor: Leather armour    ||     5
Dodge: Dodged            ||    20
       Rpst.: Falchion   ||     5
